 Dungeon Crawl Stone Soup version 0.29-a0-284-gf9362112df (webtiles) character file.

Game seed: 11342767695913851365

259 rjrrt the Chopper (level 5, -6/67 HPs)
             Began as a Minotaur Berserker on Mar 30, 2022.
             Was a Believer of Trog.
             Mangled by a hornet (9 damage)
             ... while paralysed by a hornet
             ... on level 5 of the Dungeon.
             The game lasted 00:04:25 (3892 turns).

rjrrt the Chopper (Minotaur Berserker)              Turns: 3892, Time: 00:04:25

Health: -6/67      AC: 11    Str: 30    XL:     5   Next: 94%
Magic:  4/4        EV:  2    Int:  4    God:    Trog [**....]
Gold:   243        SH:  0    Dex:  9    Spells: 4/4 levels left

rFire   . . .      SeeInvis .   a - +0 hand axe
rCold   . . .      Faith    .   (no shield)
rNeg    . . .      Spirit   .   u - +0 chain mail
rPois   .          Reflect  .   (helmet restricted)
rElec   .          Harm     .   (no cloak)
rCorr   .          Rampage  .   (no gloves)
Will    .....                   g - +2 pair of boots
Stlth   ..........              (no amulet)
HPRegen 0.21/turn               e - +6 ring of strength
MPRegen 0.09/turn               (no ring)

@: paralysed, berserking (expiring), slowed
A: horns 2, retaliatory headbutt
a: Renounce Religion, Berserk, Trog's Hand


You were on level 5 of the Dungeon.
You worshipped Trog.
Trog was pleased with you.
You visited 1 branch of the dungeon, and saw 5 of its levels.

You collected 243 gold pieces.

Inventory:

Hand Weapons
 a - a +0 hand axe (weapon)
 i - a +0 trident
Missiles
 k - 5 poisoned darts (quivered)
 m - 6 javelins
 r - 4 silver javelins
 t - 2 boomerangs
Armour
 g - a +2 pair of boots (worn)
 u - a +0 chain mail (worn)
Jewellery
 e - a +6 ring of strength (left hand)
 o - a ring of fire
Wands
 n - a wand of iceblast (6)
Scrolls
 d - 3 scrolls of teleportation
 f - a scroll of enchant armour
Potions
 b - a potion of haste {unknown}
 c - a potion of flight {unknown}
 h - a potion of berserk rage {unknown}
 j - 5 potions of curing {unknown}
 l - a potion of lignification {unknown}
 p - a potion of degeneration {unknown}
 q - a potion of mutation {unknown}
 s - a potion of heal wounds {unknown}


   Skills:
 - Level 3.6 Fighting
 + Level 7.6 Axes
 + Level 0.6 Throwing
 - Level 2.4 Armour
 - Level 2.1 Dodging
 + Level 1.4 Stealth


You had 4 spell levels left.
You didn't know any spells.
Your spell library was empty.

Dungeon Overview and Level Annotations

Branches:
Dungeon (5/15)
 Temple: D:4-7

Altars:
Dithmenos

Annotations:
D:5 Prince Ribbit


Innate Abilities, Weirdness & Mutations

You have a pair of horns on your head.
You reflexively headbutt those who attack you in melee.


Message History

Prince Ribbit hits you!
Unknown command.
You slash the hornet!
The hornet is moderately wounded.
You slash Prince Ribbit! The hornet stings you.
You feel as though you will be slow longer.
Prince Ribbit hits you.
You barely miss the hornet.
The hornet is moderately wounded.
You slash Prince Ribbit! The hornet stings you!
You feel as though you will be slow longer.
Prince Ribbit hits you. The hornet closely misses you.
You are too injured to fight recklessly!
Unknown command.
You slash the hornet! Your headbutt misses the hornet.
The hornet is severely wounded.
You closely miss Prince Ribbit. Prince Ribbit completely misses you.
The hornet stings you.
* * * LOW HITPOINT WARNING * * *
You feel as though you will be slow longer.
Prince Ribbit hits you.
* * * LOW HITPOINT WARNING * * *
You are too injured to fight recklessly!
Unknown command.
You are too injured to fight recklessly!
Unknown command.
You are too injured to fight recklessly!
Unknown command.
You are too injured to fight recklessly!
You closely miss the hornet.
The hornet is severely wounded.
You hit Prince Ribbit. The hornet stings you.
* * * LOW HITPOINT WARNING * * *
You suddenly lose the ability to move!
Prince Ribbit hits you but does no damage.
The hornet stings you!
* * * LOW HITPOINT WARNING * * *
You shrug off the repeated paralysis!
Prince Ribbit blinks!
The hornet stings you!
You die...

##########
...F..y@ยง#
#############.#
#...........#.#
#.#########.#.#
#.#......<#.#.#
#.#.#.###.#.#.#
#.#.#...#.#.#.#
#.#.#.###.#.#.#
#.#.#.# #.#.#.#


You could see Prince Ribbit and a hornet.

Vanquished Creatures
  A scorpion (D:5)
  A howler monkey (D:5)
  A hound (D:5)
  An orc wizard (D:4)
  An adder (D:2)
  3 worms
  4 dart slugs (D:1)
  8 orcs
  4 endoplasms
  3 giant cockroaches
  5 goblins
  6 hobgoblins
  10 jackals
  A quokka (D:1)
  4 ball pythons
  7 bats
  2 frilled lizards
  4 kobolds
  6 rats
72 creatures vanquished.

Notes
Turn   | Place    | Note
-------+----------+-------------------------------------------
     0 | D:1      | rjrrt the Minotaur Berserker began the quest for the Orb.
     0 | D:1      | Reached XP level 1. HP: 19/19 MP: 0/0
   243 | D:1      | Reached skill level 4 in Axes
   275 | D:1      | Reached XP level 2. HP: 24/26 MP: 1/1
   844 | D:1      | Reached skill level 5 in Axes
   848 | D:1      | Reached XP level 3. HP: 20/31 MP: 2/2
   971 | D:1      | Found a faded altar of an unknown god.
  1742 | D:2      | Reached ** piety under Trog
  2017 | D:2      | Reached XP level 4. HP: 39/39 MP: 3/3
  2436 | D:3      | Reached skill level 6 in Axes
  2875 | D:4      | Reached skill level 1 in Stealth
  3102 | D:4      | Found a shadowy altar of Dithmenos.
  3553 | D:5      | Entered Level 5 of the Dungeon
  3570 | D:5      | Reached XP level 5. HP: 40/45 MP: 4/4
  3668 | D:5      | Reached skill level 7 in Axes
  3877 | D:5      | Noticed a hornet
  3879 | D:5      | Noticed Prince Ribbit
  3891 | D:5      | Paralysed by a hornet for 3 turns
  3892 | D:5      | HP: 3/67 [hornet (7)]
  3892 | D:5      | Mangled by a hornet

Illustrated notes

Levels and vault maps discovered:
D:1:      dpeg_arrival_short_road, layout_loops_ring,
          shapermc_ecumenical_altar_hornbeckon, minmay_misc_feat_plants
D:2:      layout_loops_cross
D:3:      layout_rooms, minmay_between
D:4:      layout_loops_ring, overflow_temple_1_default, minivault_1,
          lemuel_old_faithful
D:5:      layout_basic, nicolae_ru_sacrificial_ziggurat,
          nemelex_xobeh_ov_fountains_minmay, uniq_prince_ribbit1,
          uniq_blork_the_orc

Skill      XL: |  1  2  3  4  5 |
---------------+----------------+-----
Axes           | 4 5 6 7 |  7.6
Stealth        | 1 |  1.4
Fighting       | |  3.6
Throwing       | |  0.6
Armour         | |  2.4
Dodging        | |  2.1

Action                   |  1- 3 |  4- 6 || total
-------------------------+-------+-------++-------
Melee: Hand axe          |   119 |    79 ||   198
       Headbutt          |    18 |     7 ||    25
Throw: Dart              |     4 |       ||     4
Invok: Berserk           |       |     2 ||     2
  Use: Scroll            |       |     3 ||     3
 Stab: Sleeping          |     1 |       ||     1
Armor: Animal skin       |    27 |       ||    27
       Ring mail         |       |    13 ||    13
       Chain mail        |       |    15 ||    15
Dodge: Dodged            |    80 |    32 ||   112

Table legend: (Time is in decaauts)
 A = Elapsed time spent in this place.
 B = Non-inter-level travel time spent in this place.
 C = Inter-level travel time spent in this place.
 D = Time resting spent in this place.
 E = Time spent auto-exploring this place.
 F = Levels seen in this place.
 G = Mean time per level.
                   A        B        C        D        E       F      G
               +--------+--------+--------+--------+--------+-----+--------+
         Total |   3921 |   3828 |     93 |    499 |   2771 |   5 |  784.2 |
       Dungeon |   3921 |   3828 |     93 |    499 |   2771 |   5 |  784.2 |
               +--------+--------+--------+--------+--------+-----+--------+

Top non-repeatable levels by time:
     D:1: 1361 daAuts
     D:2: 862 daAuts
     D:4: 696 daAuts
     D:3: 665 daAuts
     D:5: 335 daAuts
